 Dungeon Crawl Stone Soup version 0.31-a0-963-ga325b2283a (webtiles) character file.

Game seed: 12238031622175881706

59 Maxmaps the Changeling (level 4, 0/28 HPs)
             Began as an Octopode Shapeshifter on Oct 25, 2023.
             Succumbed to an adder's poison
             ... on level 2 of the Dungeon.
             The game lasted 00:01:03 (869 turns).

Maxmaps the Changeling (Octopode Shapeshifter)       Turns: 869, Time: 00:01:03

Health: 0/28       AC:  1    Str: 13    XL:     4   Next: 3%
Magic:  4/4        EV: 13    Int: 14    God:
Gold:   87         SH:  0    Dex: 11    Spells: 3/3 levels left

rFire   . .          .
                       - Unarmed
rCold   . . .        (no shield)
rNeg    . . .        (helmet currently unavailable)
rPois   .            (no amulet)
rElec   .            (no ring)
rCorr   .            (no ring)
SInv    .            (no ring)
Will    .....        (no ring)
Stlth   ++           (no ring)
HPRegen 0.24/turn    (no ring)
MPRegen 0.09/turn    (no ring)
                     (no ring)

%: no passive effects
@: lethally poisoned (0 -> -1), beast-form
A: beast (slay +2), almost no armour, amphibious, 8 rings, camouflage 1,
gelatinous body 1, (nimble swimmer 1), tentacles
a: Begin Untransformation


You were on level 2 of the Dungeon.
You were a hulking beast.
You visited 1 branch of the dungeon, and saw 2 of its levels.

You collected 87 gold pieces.

Inventory:

Talismans
 b - a beast talisman
 c - a flux talisman
Scrolls
 d - a scroll of acquirement {unknown}
 e - a scroll of identify {unknown}
 f - a scroll of torment {unknown}
 g - a scroll of immolation {unknown}
Potions
 a - a potion of lignification


   Skills:
 - Level 1.0 Fighting
 - Level 2.0 Dodging
 - Level 3.0 Unarmed Combat
 + Level 4.5 Shapeshifting


You had 3 spell levels left.
You didn't know any spells.
Your spell library contained the following spells:

 Spells                   Type           Power      Damage    Failure   Level
 Apportation              Tloc           0%         N/A       28%         1
 Sting                    Tmut/Pois      0%         1d3       28%         1
 Jinxbite                 Hex            0%         N/A       41%         2
 Poisonous Vapours        Pois/Air       0%         N/A       41%         2
 Dazzling Flash           Conj/Hex       0%         N/A       65%         3
 Volatile Blastmotes      Fire/Tloc      0%         2d10      65%         3
 Olgreb's Toxic Radiance  Pois           0%         N/A       96%         4
 Alistair's Intoxication  Tmut/Pois      0%         N/A       100%        5
 Starburst                Conj/Fire      0%         6d3       100%        6
 Maxwell's Capacitive Co  Air            0%         ∞         100%        8


Dungeon Overview and Level Annotations

Branches:
Dungeon (2/15)

Altars:


Innate Abilities, Weirdness & Mutations

You are a hulking beast.
Your limbs bulge with bestial killing power. (Slay +2)
You cannot wear most types of armour.
You are amphibious.
You can wear up to eight rings at the same time.
Your skin changes colour to match your surroundings (Stealth+).
Your rubbery body absorbs attacks. (AC +1, EV +1)
((You are camouflaged when in or above water. (Stealth+)))
You have tentacles for arms and can constrict up to eight enemies at once.


Message History

You closely miss the orc wizard. You grab the orc wizard.
You squeeze the orc wizard.
You kill the orc wizard!
You tentacle-slap the adder. Your grab misses the adder.
The adder is lightly wounded.
The adder closely misses you. The adder bites you.
You closely miss the adder. You grab the adder.
The adder is lightly wounded.
You constrict the adder, but do no damage.
The adder barely misses you.
You barely miss the adder.
The adder is lightly wounded.
You constrict the adder, but do no damage.
The adder barely misses you.
You tentacle-slap the adder.
The adder is moderately wounded.
You constrict the adder. The adder bites you.
You are poisoned.
The adder poisons you!
You tentacle-slap the adder.
The adder is severely wounded.
You constrict the adder.
You feel sick. The adder misses you.
You tentacle-slap the adder.
You kill the adder!
You feel sick.
You have reached level 4!
You feel sick. The orc closely misses you.
Items here: ) [ ††.
You closely miss the orc. You grab the orc. Your squeeze misses the orc.
You constrict the orc, but do no damage.
You feel sick. The orc hits you with a +0 dagger.
* * * LOW HITPOINT WARNING * * *
You tentacle-slap the orc.
The orc is heavily wounded.
You constrict the orc, but do no damage.
You feel sick. The orc hits you with a +0 dagger.
* * * LOW HITPOINT WARNING * * *
You tentacle-slap the orc.
You kill the orc!
You die...

#.# ..# #.# #.# ## #.#
.# #.# .#
##################.###.#
...........)...)h)...>.#
###<...##############..#
####.# #....)..# #.#
.........# ..#
.........# ###
.......... ..........#
..........[ ...........)


There were no monsters in sight!

Vanquished Creatures
  An orc wizard (D:2)
  An adder (D:2)
  3 orcs (D:2)
  2 endoplasms (D:1)
  A giant cockroach (D:1)
  3 jackals (D:1)
  3 kobolds (D:1)
  A quokka (D:1)
  A ball python (D:1)
  A bat (D:1)
  3 frilled lizards (D:1)
  3 goblins
  A rat (D:1)
24 creatures vanquished.

Notes
Turn   | Place    | Note
-------+----------+-------------------------------------------
     0 | D:1      | Maxmaps the Octopode Shapeshifter began the quest for the
                  | Orb.
     0 | D:1      | Reached XP level 1. HP: 13/13 MP: 1/1
   135 | D:1      | Reached XP level 2. HP: 18/18 MP: 2/2
   854 | D:2      | Reached skill level 4 in Shapeshifting
   854 | D:2      | Reached XP level 3. HP: 13/23 MP: 3/3
   866 | D:2      | Reached XP level 4. HP: 7/28 MP: 4/4
   868 | D:2      | HP: 1/28 [orc/+0 dagger (2)]
   869 | D:2      | Succumbed to an adder's poison

Illustrated notes

Levels and vault maps discovered:
D:1:      minmay_arrival_three_doors, layout_loops_ring
D:2:      layout_basic, corner_web_ring, chequers_serial_rivers_micro_a

Skill      XL: |  1  2 |
---------------+-------+-----
Shapeshifting  | 4 |  4.5
Fighting       | |  1.0
Dodging        | |  2.0
Unarmed Combat | |  3.0

Action                     |  1- 3 |  4- 6 || total
---------------------------+-------+-------++-------
  Melee: Unarmed           |    52 |     3 ||    55
         Tentacles         |     6 |       ||     6
         Constrict         |    13 |     1 ||    14
   Stab: Sleeping          |     1 |       ||     1
 Armour: Skin              |    19 |     2 ||    21
  Dodge: Dodged            |    29 |     1 ||    30

Table legend: (Time is in decaauts)
 A = Elapsed time spent in this place.
 B = Non-inter-level travel time spent in this place.
 C = Inter-level travel time spent in this place.
 D = Time resting spent in this place.
 E = Time spent auto-exploring this place.
 F = Levels seen in this place.
 G = Mean time per level.
                   A        B        C        D        E       F      G
               +--------+--------+--------+--------+--------+-----+--------+
         Total |    865 |    853 |     12 |      0 |    712 |   2 |  432.5 |
       Dungeon |    865 |    853 |     12 |      0 |    712 |   2 |  432.5 |
               +--------+--------+--------+--------+--------+-----+--------+

Top non-repeatable levels by time:
     D:1: 805 daAuts
     D:2: 60 daAuts
